AoeStats
← tavoo

Arabia

507822040Analyzed
1v1 RM · 14d ago on Sep 19, 2026· 14m 41s· 2 players
Game mode
Random Map
Map size
Tiny (2 player)
Population
200
Speed
Normal
Resources
Standard
Victory
Conquest
Starting age
Dark Age
Ending age
Imperial Age
RankedLock teamsTeams togetherTeam positionsShared explorationLock speedFull tech treeHidden civsTurbo modeCheats
Victory
Defeat
🇲🇽 Poles · Mexico
1398
+17
🇺🇸 Hindustanis · United States
1413
-17
tavoo
7:14 Loom
9:32 Feudal Age
9:36 Man-at-Arms
13:52 Fletching
BaseKat
7:19 Loom
10:15 Feudal Age
11:15 Double-Bit Axe
14:18 Wheelbarrow
Connection lost

Rejoining the realm…

Still unreachable

The connection could not be restored.

Session expired

The server has moved on; the page needs a fresh start.